 Dungeon Crawl Stone Soup version 0.30-a0-760-g5a9884bb7c (webtiles) character file.

Game seed: 4034779647722998787

1278 Leeroy the Carver (level 8, -5/35 (38) HPs)
             Began as a Vine Stalker Warper on Feb 11, 2023.
             Killed from afar by Ijyb (9 damage)
             ... with a puff of flame
             ... on level 5 of the Dungeon.
             The game lasted 00:07:32 (4102 turns).

Leeroy the Carver (Vine Stalker Warper)             Turns: 4102, Time: 00:07:33

HP:   -5/35 (38)    AC:  5    Str: 15    XL:     8   Next: 54%
MP:   0/12          EV: 12    Int: 13    God:
Gold: 192           SH:  0    Dex: 15    Spells: 6/11 levels left

rFire   x . .      SeeInvis .    a - +0 falchion
rCold   + . .      Faith    .    (no shield)
rNeg    . . .      Spirit   +    b - +0 leather armour
rPois   .          Reflect  .    (no helmet)
rElec   .          Harm     .    k - +0 cloak
rCorr   .          Rampage  .    t - +0 pair of gloves
Will    +....                    (no boots)
Stlth   +                        (no amulet)
HPRegen 1.05/turn                A - ring of ice
MPRegen 0.13/turn                (no ring)

@: confused, drained
A: fangs 3, regeneration 1, magic shield, antimagic bite, no potion heal 2
a: no special abilities


You were on level 5 of the Dungeon.
You visited 1 branch of the dungeon, and saw 5 of its levels.

You collected 192 gold pieces.

Inventory:

Hand Weapons
 a - a +0 falchion (weapon)
 c - a +1 whip of flaming
 x - a +0 rapier
 J - a +3 dagger
Missiles
 d - 6 boomerangs of dispersal
 e - 2 javelins
 o - 2 throwing nets
 u - 3 silver javelins
Armour
 b - a +0 leather armour (worn)
 k - a +0 cloak (worn)
 t - a +0 pair of gloves (worn)
Jewellery
 A - a ring of ice (left hand)
Wands
 p - a wand of mindburst (11) (quivered)
 B - a wand of roots (6)
 E - a wand of polymorph (4)
Scrolls
 f - 2 scrolls of teleportation {unknown}
 g - 2 scrolls of vulnerability {unknown}
 h - a scroll of amnesia {unknown}
 i - a scroll of fear {unknown}
 m - 3 scrolls of identify {unknown}
 q - a scroll of magic mapping {unknown}
 r - a scroll of enchant armour {unknown}
 v - a scroll of torment {unknown}
 w - a scroll of acquirement {unknown}
 y - a scroll of enchant weapon {unknown}
 z - a scroll of fog {unknown}
 D - a scroll of immolation {unknown}
Potions
 j - 2 potions of brilliance
 l - a potion of berserk rage {unknown}
 n - 2 potions of curing
 s - 2 potions of ambrosia {unknown}
 C - a potion of magic {unknown}
 F - a potion of mutation {unknown}
 G - a potion of heal wounds {unknown}
 H - a potion of flight {unknown}
 I - a potion of attraction {unknown}


   Skills:
 - Level 1.7 Fighting
 + Level 8.9 Long Blades
 - Level 0.8 Throwing
 - Level 0.7 Armour
 - Level 3.2 Dodging
 - Level 2.1 Spellcasting
 - Level 3.0 Translocations


You had 6 spell levels left.
You knew the following spells:

 Your Spells              Type           Power      Damage    Failure   Level
a - Blink                 Tloc           18%        N/A       14%         2
b - Vhi's Electric Charg  Tloc/Air       10%        N/A       45%         3

Your spell library contained the following spells:

 Spells                   Type           Power      Damage    Failure   Level
 Lesser Beckoning         Tloc           18%        N/A       14%         2
 Teleport Other           Tloc           9%         N/A       26%         3
 Shock                    Conj/Air       4%         1d3       30%         1
 Manifold Assault         Tloc           9%         N/A       65%         4
 Swiftness                Air            1%         N/A       67%         3
 Airstrike                Air            0%         2d(1-17)  97%         4
 Alistair's Intoxication  Tmut/Pois      0%         N/A       100%        5
 Borgnjor's Vile Clutch   Necr/Erth      0%         N/A       100%        5
 Eringya's Noxious Bog    Tmut/Pois      0%         N/A       100%        6


Dungeon Overview and Level Annotations

Branches:
Dungeon (5/15)
 Temple: D:4-7

Altars:
Fedhas
Gozag
Nemelex Xobeh
Sif Muna
Yredelemnul
Zin

Annotations:
D:5 Ijyb


Innate Abilities, Weirdness & Mutations

You have razor-sharp teeth.
Your natural rate of healing is unusually fast.
When hurt, damage is shared between your health and your magic reserves.
Your bite disrupts and absorbs the magic of your enemies.
Potions cannot restore your health.


Message History

You feel drained.
You closely miss the orc priest. Your bite misses the orc priest.
Something hits you but does no damage. Ijyb hits you with a +0 club.
The orc closely misses you. The orc priest barely misses you.
Ijyb attacks as you move away! Ijyb hits you but does no damage.
The orc priest hits you but does no damage.
Things that are here:
a +0 flail; a +0 ring mail; an orc corpse Something hits you.
Ijyb closely misses you.
You see here a worm corpse.
You hit Ijyb.
Ijyb is moderately wounded.
Something hits you. The orc priest hits you with a +0 club.
* * * LOW HITPOINT WARNING * * *
Ijyb hits you but does no damage. Something hits you but does no damage.
You feel less confused.
Ijyb zaps a wand.
The puff of flame hits you! The fire burns you terribly!
* * * LOW HITPOINT WARNING * * *
The orc hits you with a +1 dagger of draining.
* * * LOW HITPOINT WARNING * * *
You feel drained.
* * * LOW HITPOINT WARNING * * *
Okay, then.
Okay, then.
You slash the orc! You bite the orc.
You kill the orc!
Something hits you but does no damage.
Ijyb zaps a wand.
The puff of flame misses you. The orc priest hits you with a +0 club.
* * * LOW HITPOINT WARNING * * *
You hit the orc priest but do no damage.
Your bite misses the orc priest.
You hear some strange, mumbled words.
You are confused.
The orc priest barely misses you. Ijyb barely misses you.
You bump into the rock wall.
Something hits you but does no damage. The orc priest barely misses you.
Ijyb closely misses you.
You're too confused to move!
Ijyb zaps a wand.
The puff of flame hits you! The fire burns you terribly!
You die...

................###.>..##.#
........##.#..#####...###.#
##.......###...# #....####.
###....## ##.## #....#.#..
#.....# ##).###.........
#...)###...###......##..
###....#......####..####..
.........o.....# ##.......
...###..)†@#...####........
.........g)........>......#
...................).......
.....#........##.##.......#
#.....$......#####........#
#.............##..........#
#.............###.........#
......)........#.....####..
......................# #.#


You could see Ijyb and an orc priest.

Vanquished Creatures
  Pikel (D:4)
  Grinder (D:5)
  Sigmund (D:5)
  2 lemures (D:4)
  3 scorpions (D:4)
  2 orc priests
  3 hounds (D:4)
  An orc wizard (D:5)
  4 adders
  5 worms
  2 dart slugs
  8 orcs
  4 bats
  7 endoplasms
  4 giant cockroaches
  6 goblins
  9 hobgoblins
  6 jackals
  4 kobolds
  3 quokkas
  5 ball pythons (D:1)
  A frilled lizard (D:2)
  7 rats
89 creatures vanquished.

Vanquished Creatures (others)
  An orc (D:5)
  3 fungi (D:3)
4 creatures vanquished.

Grand Total: 93 creatures vanquished

Notes
Turn   | Place    | Note
-------+----------+-------------------------------------------
     0 | D:1      | Leeroy the Vine Stalker Warper began the quest for the Orb.
     0 | D:1      | Reached XP level 1. HP: 11/11 MP: 4/4
    31 | D:1      | Reached skill level 2 in Long Blades
    85 | D:1      | Reached XP level 2. HP: 10/15 MP: 4/6
   331 | D:1      | Reached skill level 3 in Long Blades
   351 | D:1      | Reached XP level 3. HP: 17/18 MP: 7/7
  1213 | D:2      | Learned a level 2 spell: Blink
  1217 | D:2      | Learned a level 3 spell: Vhi's Electric Charge
  1749 | D:3      | Found a faded altar of an unknown god.
  1787 | D:3      | Gained mutation: Your natural rate of healing is unusually
                  | fast. [Vine Stalker growth]
  1787 | D:3      | Reached XP level 4. HP: 23/23 MP: 8/8
  1924 | D:3      | Found a large runed translucent door.
  1925 | D:3      | Found a large runed translucent door.
  2129 | D:3      | Reached XP level 5. HP: 26/26 MP: 7/9
  2133 | D:3      | Found a shimmering blue altar of Sif Muna.
  2292 | D:3      | Found a sparkling altar of Nemelex Xobeh.
  2513 | D:3      | Found a basalt altar of Yredelemnul.
  2519 | D:3      | Found a glowing silver altar of Zin.
  2752 | D:4      | Reached skill level 4 in Long Blades
  2885 | D:4      | Reached XP level 6. HP: 3/30 MP: 3/10
  2893 | D:4      | Reached skill level 5 in Long Blades
  3356 | D:4      | Found a blossoming altar of Fedhas.
  3420 | D:4      | Noticed Pikel
  3472 | D:4      | Killed Pikel
  3473 | D:4      | Reached skill level 7 in Long Blades
  3473 | D:4      | Reached XP level 7. HP: 16/34 MP: 2/11
  3473 | D:4      | Gained mutation: You have razor-sharp teeth. [Vine Stalker
                  | growth]
  3473 | D:4      | Reached XP level 8. HP: 18/38 MP: 2/12
  3650 | D:4      | Found an opulent altar of Gozag.
  3799 | D:5      | Entered Level 5 of the Dungeon
  3808 | D:5      | Noticed Grinder
  3808 | D:5      | Paralysed by Grinder for 4 turns
  3939 | D:5      | Killed Grinder
  3940 | D:5      | Reached skill level 8 in Long Blades
  3984 | D:5      | Noticed Sigmund
  3992 | D:5      | Killed Sigmund
  4076 | D:5      | Noticed Ijyb
  4098 | D:5      | HP: 1/35 [orc/+1 dagger of draining (1)]
  4102 | D:5      | Killed from afar by Ijyb

Illustrated notes

Levels and vault maps discovered:
D:1:      moated_graveyard_arrival, layout_loops_ring
D:2:      layout_basic, serial_curves, eino_curves_02, eino_curves_02
D:3:      layout_basic, kennysheep_orc_sif_temple, pf_just_have_faith,
          jmf_multi_god_temple2, shapermc_ecumenical_altar_gd
D:4:      layout_loops_ring, marbit_many_paths, fedhas_altar_fruit_tree,
          uniq_pikel
D:5:      layout_cave_pools, mainiacjoe_overflow_paths, minmay_small_thing,
          uniq_ijyb, uniq_sigmund, uniq_prince_ribbit1, uniq_grinder

Skill      XL: |  1  2  3  4  5  6  7  8 |
---------------+-------------------------+-----
Long Blades    | 2 3 4 7 8 |  8.9
Dodging        | 2 3 |  3.2
Fighting       | |  1.7
Throwing       | |  0.8
Armour         | |  0.7
Spellcasting   | |  2.1
Translocations | |  3.0

Action                     |  1- 3 |  4- 6 |  7- 9 || total
---------------------------+-------+-------+-------++-------
  Melee: Falchion          |   130 |   196 |    50 ||   376
         Bite              |    31 |    64 |    15 ||   110
         Punch             |     1 |     4 |     1 ||     6
  Throw: Javelin           |       |     1 |       ||     1
         Boomerang         |       |     1 |       ||     1
   Cast: Blink             |       |     2 |       ||     2
         Vhi's Electric Ch |       |       |     3 ||     3
  Evoke: Wand              |       |     7 |       ||     7
    Use: Potion            |       |     1 |     1 ||     2
         Scroll            |       |     1 |       ||     1
   Stab: Sleeping          |     2 |     1 |       ||     3
 Armour: Leather armour    |    44 |    42 |    16 ||   102
  Dodge: Dodged            |    95 |   117 |    40 ||   252

Table legend: (Time is in decaauts)
 A = Elapsed time spent in this place.
 B = Non-inter-level travel time spent in this place.
 C = Inter-level travel time spent in this place.
 D = Time resting spent in this place.
 E = Time spent auto-exploring this place.
 F = Levels seen in this place.
 G = Mean time per level.
                   A        B        C        D        E       F      G
               +--------+--------+--------+--------+--------+-----+--------+
         Total |   4138 |   3841 |    297 |     70 |   2889 |   5 |  827.6 |
       Dungeon |   4138 |   3841 |    297 |     70 |   2889 |   5 |  827.6 |
               +--------+--------+--------+--------+--------+-----+--------+

Top non-repeatable levels by time:
     D:4: 1275 daAuts
     D:3: 1003 daAuts
     D:2: 907 daAuts
     D:1: 745 daAuts
     D:5: 208 daAuts
